 Dungeon Crawl Stone Soup version 0.31-a0-187-gba352fbbf7 (webtiles) character file.

Game seed: 14376117314696005043

186320 pokeman the Sorcerer (level 17, -7/96 HPs)
             Began as a Deep Elf Hedge Wizard on June 22, 2023.
             Was the Champion of Vehumet.
             Killed from afar by a deep elf zephyrmancer (27 damage)
             ... with a bolt of lightning
             ... on level 1 of the Elven Halls.
             The game lasted 01:49:19 (32901 turns).

pokeman the Sorcerer (Deep Elf Hedge Wizard)       Turns: 32901, Time: 01:49:19

Health: -7/96      AC: 17    Str:  7    XL:     17   Next: 43%
Magic:  14/47      EV: 10    Int: 30    God:    Vehumet [******]
Gold:   2237       SH:  7    Dex: 14    Spells: 32/65 levels left

rFire   . . .        f - staff of conjuration
rCold   + . .        M - +2 buckler
rNeg    . . .        N - +0 swamp dragon scales
rPois   +            w - +0 helmet "Maodi" {Will++}
rElec   .            t - +0 cloak
rCorr   .            b - +1 pair of gloves
SInv    .            a - +2 pair of boots of Compression {Rampage rC+ Int+2}
Will    ++++.        R - amulet of magic regeneration
Stlth   ++           H - ring of willpower
HPRegen 0.36/turn    u - ring of flight
MPRegen 0.70/turn

%: rampage
@: on blink cooldown, flying, studying 2 skills
A: no striking features
}: 1/15 runes: barnacled
a: Renounce Religion


You were on level 1 of the Elven Halls.
You worshipped Vehumet.
Vehumet was exalted by your worship.
You visited 6 branches of the dungeon, and saw 28 of its levels.
You also visited: Sewer, Gauntlet and Volcano.

You collected 2980 gold pieces.
You spent 743 gold pieces at shops.

Inventory:

Missiles
 r - 4 throwing nets
 T - 3 curare-tipped darts
Armour
 a - the +2 pair of boots of Compression (worn) {Rampage rC+ Int+2}
   (You bought it in a shop on level 2 of the Orcish Mines)

   Int:       It affects your intelligence (+2).
   rC:        It protects you from cold.
   Rampage:   It bestows one free step when moving towards enemies.
 b - a +1 pair of gloves (worn)
 o - the +1 leather armour of Nionamof {rC+++ Regen+ MP+9 Stlth-}
   (You found it on level 3 of the Shoals)

   rC:        It renders you almost immune to cold.
   MP:        It affects your magic capacity (+9).
   Regen:     It increases your rate of health regeneration.
   Stlth:     It makes you less stealthy.
 t - a +0 cloak (worn)
 w - the +0 helmet "Maodi" (worn) {Will++}
   (You found it in a Gauntlet)

   Will:      It greatly increases your willpower.
 M - a +2 buckler (worn)
 N - +0 swamp dragon scales (worn)
Magical Staves
 f - a staff of conjuration (weapon)
Jewellery
 u - a ring of flight (right hand)
 B - the amulet of False Hope {rPois rC- Will+ Regen+ rCorr}
   (You took it off a merfolk on level 3 of the Shoals)

   [amulet of regeneration]

   rC:        It makes you vulnerable to cold.
   rPois:     It protects you from poison.
   Regen:     It increases your rate of health regeneration.
   rCorr:     It protects you from acid and corrosion.
   Will:      It increases your willpower.
 H - a ring of willpower (left hand)
 R - an amulet of magic regeneration (around neck)
Wands
 S - a wand of iceblast (17)
Scrolls
 c - a scroll of enchant armour
 m - 3 scrolls of revelation
 p - 8 scrolls of teleportation
 A - 6 scrolls of blinking
Potions
 d - 8 potions of magic
 i - 15 potions of curing
 l - 5 potions of haste
 x - 3 potions of resistance
 G - 5 potions of cancellation
 J - 4 potions of lignification {unknown}
 L - 3 potions of heal wounds
 O - 6 potions of brilliance {unknown}
 P - 5 potions of mutation {unknown}
 Z - a potion of ambrosia {unknown}
Miscellaneous
 q - a phial of floods
 D - a lightning rod (4/4)
 E - a sack of spiders
 F - a phantom mirror


   Skills:
 - Level 7.0 Fighting
 + Level 7.5 Armour
 - Level 3.0 Dodging
 - Level 3.0 Stealth
 - Level 6.0 Shields
 * Level 24.9 Spellcasting
 + Level 15.4 Conjurations
 - Level 2.1 Summonings
 - Level 2.0 Necromancy
 - Level 1.1 Translocations
 + Level 9.0 Fire Magic
 - Level 1.1 Ice Magic
 - Level 1.0 Air Magic
 + Level 14.9 Earth Magic
 - Level 1.1 Poison Magic
 - Level 1.0 Evocations


You had 32 spell levels left.
You knew the following spells:

 Your Spells              Type           Power      Damage    Failure   Level
a - Magic Dart            Conj           100%       1d8       0%          1
b - Mephitic Cloud        Conj/Pois/Air  83%        N/A       1%          3
c - Call Imp              Summ           100%       N/A       1%          2
d - Blink                 Tloc           88%        N/A       3%          2
e - Leda's Unmaking       Conj/Erth      57%        9d9       1%          6
f - Lee's Rapid Deconstr  Erth           45%        3d22*     1%          5
g - Fireball              Conj/Fire      52%        3d20      1%          5
h - Lehudib's Crystal Sp  Conj/Erth      57%        10d13     11%         8
i - Apportation           Tloc           88%        N/A       1%          1

Your spell library contained the following spells:

 Spells                   Type           Power      Damage    Failure   Level
 Necrotise                Necr           100%       1d9       1%          1
 Summon Small Mammal      Summ           100%       N/A       1%          1
 Inner Flame              Hex/Fire       59%        N/A       1%          3
 Flame Wave               Conj/Fire      100%       2d21      1%          4
 Leda's Liquefaction      Hex/Erth       35%        N/A       1%          4
 Sticky Flame             Conj/Fire      100%       2d11      1%          4
 Arcjolt                  Conj/Air       46%        1d56      1%          5
 Cigotuvi's Dreadful Rot  Necr/Pois/Air  90%        N/A       2%          2
 Borgnjor's Vile Clutch   Necr/Erth      36%        N/A       2%          5
 Beastly Appendage        Tmut           74%        N/A       3%          1
 Slow                     Hex            100%       N/A       3%          1
 Wereblood                Tmut           37%        N/A       4%          2
 Vhi's Electric Charge    Tloc/Air       86%        N/A       6%          3
 Portal Projectile        Hex/Tloc       80%        N/A       8%          3
 Spider Form              Tmut/Pois      40%        N/A       8%          3
 Tukima's Dance           Hex            37%        N/A       10%         3
 Animate Dead             Necr           49%        N/A       14%         4
 Dispel Undead            Necr           49%        3d18      14%         4
 Summon Ice Beast         Ice/Summ       47%        N/A       17%         4
 Manifold Assault         Tloc           44%        N/A       21%         4
 Anguish                  Hex/Necr       21%        N/A       22%         4
 Statue Form              Tmut/Erth      46%        N/A       24%         6
 Cause Fear               Hex            18%        N/A       32%         4
 Summon Forest            Summ/Tloc      23%        N/A       43%         5
 Summon Mana Viper        Hex/Summ       43%        N/A       52%         5
 Alistair's Intoxication  Tmut/Pois      26%        N/A       58%         5
 Blade Hands              Tmut           18%        N/A       67%         5
 Eringya's Noxious Bog    Tmut/Pois      20%        N/A       67%         6
 Summon Cactus Giant      Summ           25%        N/A       91%         6
 Death Channel            Necr           24%        N/A       92%         6
 Dispersal                Tloc           22%        N/A       97%         6
 Enfeeble                 Hex            18%        N/A       100%        7
 Monstrous Menagerie      Summ           25%        N/A       100%        7
 Summon Hydra             Summ           25%        N/A       100%        7
 Discord                  Hex            18%        N/A       100%        8
 Disjunction              Tloc           22%        N/A       100%        8
 Maxwell's Capacitive Co  Air            21%        ∞         100%        8
 Summon Horrible Things   Summ           25%        N/A       100%        8


Dungeon Overview and Level Annotations

Branches:
Dungeon (15/15)            Temple (1/1) D:7            Lair (5/5) D:9
 Shoals (4/4) Lair:3        Slime (0/5) Lair:4          Orc (2/2) D:10
    Elf (1/3) Orc:2        Vaults (0/5) D:13         Depths (0/4) D:15
  Sewer (visited)         Volcano (visited)         Gauntlet (visited)
  Snake: Lair:2-3    Spider: Lair:2-3

Altars:
Ashenzari
Dithmenos
Fedhas
Gozag
Hepliaklqana
Kikubaaqudgha
Makhleb
Okawaru
Qazlal
Uskayaw
Vehumet
Xom

Shops:
D:4 [   D:5 (   Orc:2 :*[   Shoals:2 *!

Portals:
Abyss: D:3


Message History

The fireball engulfs the deep elf pyromancer!!!
You kill the deep elf pyromancer!
Vehumet accepts your kill.
The fire elemental disappears in a puff of smoke!
Unknown command.
Casting: Fireball (mildly dangerous; 1% risk of failure)
Confirm with . or Enter, or press ? or * to list all spells.
Aiming: Fireball (mildly dangerous; 1% risk of failure)
Press: ? - help, Shift-Dir - straight line, f - deep elf zephyrmancer
Aim: a deep elf zephyrmancer, wielding a +0 short sword You feel a surge of power!
The fireball explodes!
The fireball engulfs the deep elf zephyrmancer!!
The deep elf zephyrmancer is heavily wounded.
The fireball engulfs the earth elemental.
The earth elemental completely resists.
The deep elf zephyrmancer casts a spell.
The deep elf zephyrmancer blinks!
Unknown command.
Casting: Fireball (mildly dangerous; 1% risk of failure)
Confirm with . or Enter, or press ? or * to list all spells.
Aiming: Fireball (mildly dangerous; 1% risk of failure)
Press: ? - help, Shift-Dir - straight line, p - deep elf zephyrmancer You feel a surge of power!
That beam is likely to hit you.
Continue anyway?
The fireball explodes!
The fireball engulfs the deep elf zephyrmancer!!
The deep elf zephyrmancer is almost dead.
The fireball engulfs the deep elf zephyrmancer!!!
The deep elf zephyrmancer is almost dead.
The fireball engulfs you!!!
* * * LOW HITPOINT WARNING * * *
The deep elf zephyrmancer hits you with a +0 short sword.
* * * LOW HITPOINT WARNING * * *
Unknown command.
Casting: Fireball (mildly dangerous; 1% risk of failure)
Confirm with . or Enter, or press ? or * to list all spells.
You blink.
The deep elf zephyrmancer casts a spell at you.
The bolt of lightning hits you!!
You die...

........# .....
..## ..... ...##
#...# #...# .
#...# #...#
...###...###...##
......)e..).....#
.).....e.°...@..+
................#
...###.E.###...##
. #...# #...#
#...# #...# .....
...## ..... ..##
........#


You could see an earth elemental and 2 deep elf zephyrmancers.

Vanquished Creatures
  Mara (Shoals:4)
  Jorgrun (D:15)
  Rupert (D:13)
  5 krakens (Shoals:3)
  A frost giant (Shoals:4)
  2 orc warlords (Orc:2)
  A very ugly thing (D:15)
  The ghost of snackwell the Geomancer, a journeyman MeEE of Vehumet (Orc:2)
  A minotaur (Gauntlet)
  The ghost of Piadonn the Severer, a journeyman MiBe of Trog (Orc:1)
  A dire elephant (Lair:5)
  Josephine (D:14)
  3 merfolk javelineers
  9 merfolk impalers
  A great orb of eyes (D:15)
  Erolcha (D:9)
  A rakshasa (D:15)
  3 hydras
  5 catoblepae
  5 merfolk aquamancers
  2 satyrs
  11 two-headed ogres
  6 merfolk avatars
  A death knight (D:13)
  Erica (Lair:1)
  3 dancing weapons
  An ogre mage (Volcano)
  An alligator snapping turtle (Shoals:3)
  4 boulder beetles
  A centaur warrior (D:13)
  4 death yaks (Gauntlet)
  3 demonic crawlers (D:15)
  A tengu warrior (D:13)
  3 orc high priests (Orc:2)
  Urug (D:11)
  A hell knight (Volcano)
  Amaemon (D:9)
  3 skeletal warriors
  15 sea snakes
  6 skysharks
  9 slime creatures
  5 harpies
  2 lindwurms
  12 deep elf pyromancers
  5 deep elf zephyrmancers (D:13)
  A necromancer (Gauntlet)
  4 orc knights
  5 orc sorcerers (Orc:2)
  8 ugly things
  12 manticores
  16 fauns
  A salamander (shapeshifter) (D:15)
  4 cyclopes
  Joseph (D:9)
  16 merfolk sirens
  4 molten gargoyles
  9 elephants
  An orange demon (D:9)
  7 water nymphs
  A smoke demon (Gauntlet)
  A gargoyle (Gauntlet)
  2 torpor snails
  5 black mambas
  A kobold demonologist (D:11)
  Maggie (D:7)
  15 cane toads
  An efreet (D:15)
  2 tengu conjurers
  11 komodo dragons
  6 rime drakes
  A red devil (Gauntlet)
  5 trolls
  38 merfolk
  3 meliai (D:15)
  6 wind drakes
  5 polar bears
  A hornet (D:8)
  Prince Ribbit (Lair:1)
  23 blink frogs
  12 snapping turtles
  9 dream sheep
  6 wraiths
  6 wyverns
  7 small abominations
  7 water elementals
  2 fire bats (Volcano)
  3 basilisks
  31 yaks
  Grum (Lair:1)
  A chaos spawn (D:10)
  2 vampire mosquitoes (D:14)
  4 steam dragons
  Edmund (D:4)
  2 large abominations (Gauntlet)
  2 wargs
  7 water moccasins
  The ghost of olddryhag the Stinger, an amateur TeVM (D:3)
  A floating eye (shapeshifter) (D:15)
  38 orc warriors
  Duvessa (D:5)
  3 black bears
  8 ogres
  4 boggarts (D:15)
  7 wolves
  4 centaurs
  2 phantoms
  5 bullfrogs
  5 kobold brigands
  4 gnoll sergeants
  A scorpion (D:4)
  7 wights
  13 killer bees
  Dowan (D:5)
  8 howler monkeys
  4 electric eels
  4 lava snakes (Volcano)
  3 crimson imps (Gauntlet)
  3 hounds
  3 jellies
  25 orc priests
  2 sleepcaps
  4 spectral orcs (Orc:1)
  4 iguanas
  28 orc wizards
  A troll simulacrum (Orc:1)
  18 gnolls
  12 adders
  A river rat (D:4)
  A shadow imp (D:5)
  4 white imps
  An ufetubus (D:4)
  3 orc simulacra (Orc:1)
  3 worms (D:4)
  A dart slug (D:1)
  74 orcs
  10 ball pythons
  A bat (D:3)
  2 endoplasms
  18 giant cockroaches
  4 goblins
  10 hobgoblins
  4 jackals
  7 quokkas
  11 frilled lizards
  33 kobolds
  5 rats
  7 tentacles (Shoals:3)
892 creatures vanquished.

Vanquished Creatures (collateral kills)
  An ice beast (D:6)
  A wight (D:8)
  A killer bee (D:9)
  Crazy Yiuf (D:2)
  2 kobolds (D:8)
6 creatures vanquished.

Vanquished Creatures (others)
  A butterfly (Lair:5)
  21 tentacles (Shoals:3)
22 creatures vanquished.

Grand Total: 920 creatures vanquished

Notes
Turn   | Place    | Note
-------+----------+-------------------------------------------
     0 | D:1      | pokeman the Deep Elf Hedge Wizard began the quest for the
                  | Orb.
     0 | D:1      | Reached XP level 1. HP: 10/10 MP: 7/7
   217 | D:1      | Reached XP level 2. HP: 10/16 MP: 3/9
   627 | D:1      | Reached skill level 5 in Spellcasting
   876 | D:1      | Reached XP level 3. HP: 20/20 MP: 7/11
   880 | D:1      | Learned a level 3 spell: Mephitic Cloud
   883 | D:1      | Learned a level 2 spell: Call Imp
   886 | D:1      | Learned a level 2 spell: Blink
  1244 | D:2      | Identified the +0 whip of the Twisting Visionary {heavy,
                  | rC+}
  1452 | D:2      | Found a runed translucent door.
  1453 | D:2      | Noticed Crazy Yiuf
  1550 | D:2      | Identified the +1 leather armour "Duriecy" {Regen+ Int+2}
  1629 | D:2      | Reached skill level 1 in Armour
  1874 | D:2      | Reached skill level 1 in Fighting
  2093 | D:2      | Found a faded altar of an unknown god.
  2386 | D:2      | Killed Crazy Yiuf
  2387 | D:2      | Reached XP level 4. HP: 25/25 MP: 4/13
  2516 | D:3      | Reached skill level 6 in Spellcasting
  2602 | D:3      | Reached XP level 5. HP: 29/29 MP: 11/15
  2653 | D:3      | Identified the +4 short sword of Bugup {protect, Dex+4}
  2657 | D:3      | Found a burning altar of Makhleb.
  2659 | D:3      | Found a one-way gate to the infinite horrors of the Abyss.
  2659 | D:3      | Noticed olddryhag's ghost (amateur TeVM)
  2662 | D:3      | Noticed a small abomination
  2704 | D:3      | Found a transporter.
  2708 | D:3      | Found a transporter.
  3429 | D:4      | Found Ygraykli's Armour Shoppe.
  3439 | D:4      | Noticed a black bear
  3450 | D:4      | Killed a black bear
  3451 | D:4      | Reached skill level 1 in Air Magic
  3451 | D:4      | Reached skill level 1 in Poison Magic
  3451 | D:4      | Reached skill level 1 in Evocations
  3452 | D:4      | Reached XP level 6. HP: 33/34 MP: 13/17
  3471 | D:4      | Found an ancient bone altar of Kikubaaqudgha.
  3563 | D:4      | Found a radiant altar of Vehumet.
  3563 | D:4      | Found a stormy altar of Qazlal.
  3568 | D:4      | Became a worshipper of Vehumet
  3697 | D:4      | Found a glowing drain.
  3706 | Sewer    | Entered a sewer
  3960 | Sewer    | Reached * piety under Vehumet
  3960 | Sewer    | Offered knowledge of Shock by Vehumet.
  3963 | Sewer    | Reached skill level 7 in Spellcasting
  4278 | Sewer    | Reached skill level 1 in Earth Magic
  4763 | D:4      | Noticed Edmund
  4781 | D:4      | Killed Edmund
  4782 | D:4      | Reached XP level 7. HP: 39/39 MP: 15/20
  4934 | D:5      | Entered Level 5 of the Dungeon
  4978 | D:5      | Reached skill level 8 in Spellcasting
  4982 | D:5      | Identified the +0 pair of boots of Limited Liability {-Tele
                  | Slay+5 Stlth+}
  5205 | D:5      | Noticed Dowan
  5209 | D:5      | Noticed Duvessa
  5238 | D:5      | Killed Dowan
  5241 | D:5      | Killed Duvessa
  5242 | D:5      | Reached XP level 8. HP: 44/44 MP: 6/22
  5266 | D:5      | Offered knowledge of Freeze by Vehumet.
  5270 | D:5      | Reached skill level 9 in Spellcasting
  5581 | D:5      | Found Podoaph's Weapon Boutique.
  5899 | D:6      | Reached ** piety under Vehumet
  5985 | D:6      | Found a hazy altar of Hepliaklqana.
  6006 | D:6      | Reached skill level 5 in Conjurations
  6407 | D:6      | Reached skill level 10 in Spellcasting
  7369 | D:7      | Noticed Maggie
  7652 | D:7      | Killed Maggie
  7653 | D:7      | Reached XP level 9. HP: 12/49 MP: 25/25
  7764 | D:7      | Reached skill level 11 in Spellcasting
  7940 | D:7      | Found a staircase to the Ecumenical Temple.
  7962 | D:7      | Offered knowledge of Inner Flame by Vehumet.
  7963 | D:7      | Reached skill level 5 in Earth Magic
  8049 | D:7      | Found a blossoming altar of Fedhas.
  8168 | D:7      | Reached *** piety under Vehumet
  8543 | D:7      | Found a hide-covered altar of Uskayaw.
  8750 | D:8      | Noticed a troll
  8786 | D:8      | Noticed a two-headed ogre
  8788 | D:8      | Noticed a two-headed ogre
  8789 | D:8      | Killed a troll
  8790 | D:8      | Reached skill level 12 in Spellcasting
  8811 | D:8      | Killed a two-headed ogre
  8822 | D:8      | Killed a two-headed ogre
  8823 | D:8      | Reached XP level 10. HP: 38/56 MP: 6/28
  9018 | D:8      | Noticed a two-headed ogre
  9035 | D:8      | Killed a two-headed ogre
  9036 | D:8      | Reached skill level 13 in Spellcasting
  9435 | D:8      | Offered knowledge of Olgreb's Toxic Radiance by Vehumet.
  9751 | D:9      | Noticed a two-headed ogre
  9847 | D:9      | Killed a two-headed ogre
  9901 | D:9      | Reached **** piety under Vehumet
  9902 | D:9      | Reached skill level 14 in Spellcasting
 10024 | D:9      | Noticed Joseph
 10185 | D:9      | Offered knowledge of Hailstorm by Vehumet.
 10266 | D:9      | Noticed Erolcha
 10277 | D:9      | Killed Erolcha
 10428 | D:9      | Killed Joseph
 10429 | D:9      | Reached XP level 11. HP: 52/61 MP: 31/31
 10434 | D:9      | Noticed Amaemon
 10468 | D:9      | Killed Amaemon
 10658 | D:9      | Found a staircase to the Lair.
 10692 | D:10     | Entered Level 10 of the Dungeon
 10698 | D:10     | Found an opulent altar of Gozag.
 10835 | D:10     | Found a broken altar of Ashenzari.
 10835 | D:10     | Noticed a two-headed ogre
 10869 | D:10     | Killed a two-headed ogre
 10870 | D:10     | Reached skill level 15 in Spellcasting
 11067 | D:10     | Reached ***** piety under Vehumet
 11177 | D:10     | Offered knowledge of Leda's Unmaking by Vehumet.
 11185 | D:10     | Learned a level 6 spell: Leda's Unmaking
 11219 | D:10     | Reached skill level 5 in Armour
 11440 | D:10     | Found a staircase to the Orcish Mines.
 11570 | Temple   | Entered the Ecumenical Temple
 11739 | D:11     | Noticed Urug
 11752 | D:11     | Killed Urug
 11961 | D:11     | Reached skill level 16 in Spellcasting
 12238 | D:11     | Noticed a green ugly thing
 12245 | D:11     | Killed a green ugly thing
 12585 | D:12     | Noticed a white ugly thing
 12593 | D:12     | Killed a white ugly thing
 12709 | D:12     | Reached XP level 12. HP: 68/68 MP: 10/34
 12853 | D:12     | Reached skill level 5 in Fighting
 12858 | D:12     | Noticed a boulder beetle
 12914 | D:12     | Killed a boulder beetle
 13117 | D:12     | Learned a level 5 spell: Lee's Rapid Deconstruction
 13215 | D:13     | Reached skill level 10 in Conjurations
 13271 | D:13     | Found a gate to the Vaults.
 13277 | D:13     | Noticed a two-headed ogre
 13277 | D:13     | Noticed a death knight
 13281 | D:13     | Killed a two-headed ogre
 13282 | D:13     | Reached skill level 17 in Spellcasting
 13298 | D:13     | Killed a death knight
 13499 | D:13     | Noticed a centaur warrior
 13516 | D:13     | Killed a centaur warrior
 13769 | D:13     | Reached skill level 10 in Earth Magic
 13823 | D:13     | Noticed a tengu warrior
 13828 | D:13     | Killed a tengu warrior
 13907 | D:13     | Reached skill level 18 in Spellcasting
 14125 | D:13     | Noticed a catoblepas
 14142 | D:13     | Killed a catoblepas
 14299 | D:13     | Noticed Rupert
 14311 | D:13     | Killed Rupert
 14312 | D:13     | Reached XP level 13. HP: 74/74 MP: 19/37
 14757 | D:14     | Reached skill level 1 in Necromancy
 14897 | D:14     | Noticed Josephine
 14942 | D:14     | Killed Josephine
 15064 | D:14     | Offered knowledge of Iskenderun's Mystic Blast by Vehumet.
 15231 | D:14     | Identified the +5 plate armour "Doeg" {SInv}
 15521 | D:15     | Entered Level 15 of the Dungeon
 15534 | D:14     | Reached skill level 19 in Spellcasting
 15772 | D:15     | Identified the +8 chain mail "Wifufix" {-Tele rElec rC++}
 15839 | D:15     | Reached skill level 1 in Shields
 15959 | D:15     | Identified the +3 arbalest of Ostyq {penet, Fragile rF+++
                  | Str+6}
 16162 | D:15     | Noticed Jorgrun
 16173 | D:15     | Killed Jorgrun
 16244 | D:15     | Found a blossoming altar of Fedhas.
 16265 | D:15     | Noticed a white very ugly thing
 16280 | D:15     | Killed a red very ugly thing
 16371 | D:15     | Found a staircase to the Depths.
 16484 | D:15     | Reached skill level 20 in Spellcasting
 16588 | D:15     | Reached XP level 14. HP: 38/80 MP: 11/40
 17243 | Lair:1   | Entered Level 1 of the Lair of Beasts
 17314 | Lair:1   | Identified the +10 spear "Guot" {venom, *Rage Dex+5}
 17471 | Lair:1   | Noticed Grum
 17474 | Lair:1   | Killed Grum
 17502 | Lair:1   | Found the +4 skin of Zhor {*Englaciate rC+++ SInv}
 17673 | Lair:1   | Noticed Prince Ribbit
 17677 | Lair:1   | Killed Prince Ribbit
 17903 | Lair:1   | Noticed Erica
 17907 | Lair:1   | Killed Erica
 18909 | Lair:2   | Offered knowledge of Fireball by Vehumet.
 18921 | Lair:2   | Learned a level 5 spell: Fireball
 19601 | Lair:3   | Identified the +10 sling "Xosokus" {heavy, Str+3 Int+4}
 19609 | Lair:3   | Reached skill level 21 in Spellcasting
 19646 | Lair:3   | Reached skill level 1 in Fire Magic
 19860 | Lair:3   | Found a staircase to the Shoals.
 19869 | Lair:3   | You fall into a shaft and drop 1 floor!
 19896 | Lair:4   | Found a gate leading to a gauntlet.
 19906 | Gauntlet | Entered a Gauntlet
 19906 | Gauntlet | Found a transporter.
 19909 | Gauntlet | Found a transporter.
 19913 | Gauntlet | Found a transporter.
 19920 | Gauntlet | Found a transporter.
 19925 | Gauntlet | Found a transporter.
 19929 | Gauntlet | Found a transporter.
 19937 | Gauntlet | Found a transporter.
 19941 | Gauntlet | Found a transporter.
 19950 | Gauntlet | Found a transporter.
 19953 | Gauntlet | Found a transporter.
 19957 | Gauntlet | Found a runed translucent door.
 19957 | Gauntlet | Found a runed translucent door.
 19961 | Gauntlet | Found a transporter.
 19982 | Gauntlet | Found a transporter.
 19994 | Gauntlet | Found a transporter.
 20006 | Gauntlet | Found a transporter.
 20093 | Gauntlet | Identified the +0 helmet "Maodi" {Will++}
 20404 | Gauntlet | Identified the ring of Byad {Will+ SInv}
 20506 | Lair:4   | Found a dark tunnel.
 20520 | Volcano  | Entered a volcano
 21050 | Volcano  | Found a bloodstained altar of Trog.
 21055 | Volcano  | Reached skill level 1 in Ice Magic
 21056 | Volcano  | Reached skill level 5 in Shields
 21058 | Volcano  | Reached XP level 15. HP: 84/84 MP: 27/42
 21650 | Lair:4   | Offered knowledge of Plasma Beam by Vehumet.
 21735 | Lair:4   | Found a staircase to the Slime Pits.
 22564 | Lair:5   | Entered Level 5 of the Lair of Beasts
 22574 | Lair:5   | Reached skill level 22 in Spellcasting
 23045 | Lair:5   | Reached skill level 5 in Fire Magic
 24344 | Orc:1    | Entered Level 1 of the Orcish Mines
 24581 | Orc:1    | Found a runed translucent gate.
 24581 | Orc:1    | Found a runed translucent gate.
 24581 | Orc:1    | Found a runed translucent gate.
 24728 | Orc:1    | Noticed Piadonn's ghost (journeyman MiBe)
 24767 | Orc:2    | Entered Level 2 of the Orcish Mines
 24772 | Orc:2    | Reached ****** piety under Vehumet
 24933 | Orc:2    | Found a runed translucent door.
 24934 | Orc:2    | Found a shimmering altar of Xom.
 24934 | Orc:2    | Noticed snackwell's ghost (journeyman MeEE)
 25244 | Orc:2    | Offered knowledge of Irradiate by Vehumet.
 26201 | Orc:2    | Found a staircase to the Elven Halls.
 26258 | Orc:2    | Found Seopeisy's Antique Armour Emporium.
 26259 | Orc:2    | Found Tir Gaga's Antique Weapon Emporium.
 26261 | Orc:2    | Found Inoff's General Store.
 26261 | Orc:2    | Found Ubigocuc's Book Shoppe.
 26475 | Orc:2    | Bought a pair of slimy boots for 285 gold pieces
 26475 | Orc:2    | Identified the +2 pair of boots of Compression {Rampage rC+
                  | Int+2} (You bought it in a shop on level 2 of the Orcish
                  | Mines)
 26795 | Shoals:1 | Entered Level 1 of the Shoals
 26802 | Shoals:1 | Reached skill level 23 in Spellcasting
 26807 | Shoals:1 | Reached XP level 16. HP: 90/90 MP: 12/45
 26903 | Shoals:1 | Offered knowledge of Conjure Ball Lightning by Vehumet.
 27780 | Shoals:2 | Found Attirch's Assorted Antiques.
 27856 | Shoals:2 | Bought a lumpy black potion for 36 gold pieces
 27856 | Shoals:2 | Bought a scroll of identify for 82 gold pieces
 27856 | Shoals:2 | Bought a scroll of identify for 82 gold pieces
 27856 | Shoals:2 | Bought a scroll of identify for 82 gold pieces
 28132 | Shoals:2 | Found Luitaik's Distillery.
 28215 | Shoals:2 | Bought a potion of curing for 48 gold pieces
 28215 | Shoals:2 | Bought a potion of curing for 48 gold pieces
 28215 | Shoals:2 | Bought a potion of heal wounds for 80 gold pieces
 28348 | Shoals:3 | Identified the +1 leather armour of Nionamof {rC+++ Regen+
                  | MP+9 Stlth-}
 28416 | Shoals:3 | Identified the +4 chain mail of the Doldrums {Rampage Int+6
                  | Slay+3}
 28486 | Shoals:3 | Noticed a kraken
 28488 | Shoals:3 | Noticed a kraken
 28490 | Shoals:3 | Killed a kraken
 28502 | Shoals:3 | Killed a kraken
 28590 | Shoals:3 | Noticed a kraken
 28597 | Shoals:3 | Killed a kraken
 28904 | Shoals:3 | Reached skill level 24 in Spellcasting
 29183 | Shoals:3 | Identified the amulet of False Hope {rPois rC- Will+ Regen+
                  | rCorr}
 29185 | Shoals:4 | Entered Level 4 of the Shoals
 29235 | Shoals:3 | Found a runed translucent door.
 29248 | Shoals:3 | Noticed a kraken
 29257 | Shoals:3 | Killed a kraken
 29345 | Shoals:3 | Reached skill level 15 in Conjurations
 29368 | Shoals:3 | Learned a level 1 spell: Apportation
 29629 | Shoals:3 | Noticed a kraken
 29640 | Shoals:3 | Killed a kraken
 30644 | Shoals:4 | Offered knowledge of Lehudib's Crystal Spear by Vehumet.
 30654 | Shoals:4 | Learned a level 8 spell: Lehudib's Crystal Spear
 30663 | Shoals:4 | Reached XP level 17. HP: 77/96 MP: 30/47
 31254 | Shoals:4 | Noticed Mara
 31282 | Shoals:4 | Noticed pokeman's illusion
 31282 | Shoals:4 | Killed Mara
 31623 | Shoals:4 | Got the Papyrus of Sepulchral Guile
 31827 | Shoals:4 | Got a barnacled rune of Zot
 31867 | Shoals:4 | Identified the ring of Eternal Night {rN+ Will++ Str-5}
 32349 | D:3      | Killed olddryhag's ghost
 32611 | Orc:1    | Killed Piadonn's ghost
 32731 | Orc:1    | Got the Compendium of the Band
 32806 | Orc:2    | Killed snackwell's ghost
 32892 | Elf:1    | Entered Level 1 of the Elven Halls
 32901 | Elf:1    | Killed from afar by a deep elf zephyrmancer

Illustrated notes

Levels and vault maps discovered:
D:1:      scummos_arrival_simple_fountains, layout_loops_ring,
          minmay_hexomino_c4
D:2:      layout_loops_ring, ebering_ecumenical_altar_abandoned,
          minmay_misc_feat_secret_circle, uniq_crazy_yiuf_cottage
D:3:      layout_basic, bloody_makhleb, gammafunk_ghost_abyssal_escape
D:4:      layout_rooms, nicolae_overflow_two_pavilions,
          nicolae_kikubaaqudgha_miasma_corner, serial_shops, shop,
          gup_sewer_entry_spiral, sigmund_edmund_badplayer
D:5:      layout_rooms, serial_shops, kennysheep_little_box, uniq_duvessa
D:6:      layout_layer_cave, nicolae_hepliaklqana_hazy_memory
D:7:      layout_loops_ring, mainiacjoe_overflow_catch_the_wave,
          minmay_temple_entry_nine_rooms, serial_bayou_lagoon_b, uniq_maggie
D:8:      layout_loops_ring
D:9:      layout_basic, david_lair_shrubbed, uniq_erolcha, uniq_joseph,
          uniq_amaemon
D:10:     layout_cave_pools, evilmike_ruin_ashenzari,
          nicolae_gozag_seed_capital, erik_orc_2, serial_demonic,
          serial_demonic_a, serial_demonic_e, serial_demonic_e,
          serial_demonic_g, minmay_misc_feat_hallway
D:11:     layout_long_grid, uniq_urug
D:12:     layout_cave_pools
D:13:     layout_roguey, erik_vaults_1, elves_outpost_lemuel, uniq_rupert
D:14:     layout_roguey, hangedman_decor_peaks_small, uniq_josephine
D:15:     gammafunk_enter_depths_forms, layout_loops_ring, lemuel_tele_altar,
          einodemon_crawler_minivault, uniq_jorgrun
Temple:   nicolae_temple_god_jail
Lair:1:   layout_regular_city, hellmonk_guarded_unrand_zhor, uniq_grum,
          uniq_erica, uniq_prince_ribbit2
Lair:2:   layout_roguey, grunt_megastairs_2, lemuel_fruit_fields
Lair:3:   layout_hall_layers, elwin_shoals_entry_stream, spider_nest_entry_a,
          kennysheep_snail_temple
Lair:4:   layout_layer_cave, slime_entry_1, nicolae_volcano_entry_vermiform,
          gauntlet_entry_generic
Lair:5:   gammafunk_lair_ancient_temple, layout_layer_cave, lemuel_old_faithful,
          lemuel_fruit_fields
Shoals:1: layout_shoals
Shoals:2: layout_shoals, serial_shops, nicolae_diamond_shop, shop,
          overgrown_tower
Shoals:3: nicolae_shoals_lighthouse, layout_shoals
Shoals:4: shoals_end_grunt_ice, layout_shoals, uniq_mara
Orc:1:    layout_caves, gammafunk_ghost_necromancy
Orc:2:    st_orc_congregation, layout_diamond_mine, ebering_ghost_xom
Elf:1:    minmay_elf_arrival_circle, layout_loops_cross, minmay_elf_necromancy,
          uniq_azrael

Skill      XL: |  1  2  3  4  5  6  7  8  9 10 11 12 13 14 15 16 17 |
---------------+----------------------------------------------------+-----
Spellcasting   | 5 6 7 8 10 12 14 16 18 20 21 23 24 | 24.9
Armour         | 1 3 4 5 6 7 |  7.5
Conjurations   | 2 3 4 5 7 8 9 11 12 13 14 15 | 15.4
Fighting       | 1 2 4 6 7 |  7.0
Dodging        | 3 |  3.0
Stealth        | 3 |  3.0
Air Magic      | 1 |  1.0
Poison Magic   | 1 |  1.1
Evocations     | 1 |  1.0
Summonings     | 2 |  2.1
Earth Magic    | 1 2 4 6 7 9 10 11 12 13 14 | 14.9
Necromancy     | 2 |  2.0
Shields        | 2 5 6 |  6.0
Fire Magic     | 3 6 8 9 |  9.0
Ice Magic      | 1 |  1.1
Translocations | |  1.1

Action                     |  1- 3 |  4- 6 |  7- 9 | 10-12 | 13-15 | 16-18 || total
---------------------------+-------+-------+-------+-------+-------+-------++-------
  Melee: Dagger            |    18 |       |       |       |       |       ||    18
         Short sword       |       |    47 |    18 |       |       |       ||    65
         Rapier            |       |       |   108 |   164 |    17 |       ||   289
         Quarterstaff      |       |       |     6 |       |       |       ||     6
         Punch             |       |       |       |     2 |       |       ||     2
         Staff             |       |       |       |       |       |     2 ||     2
   Fire: Arbalest          |       |       |       |       |    52 |       ||    52
   Cast: Magic Dart        |    89 |   117 |   152 |   249 |     2 |     2 ||   611
         Call Imp          |     2 |       |     6 |     6 |       |     2 ||    16
         Mephitic Cloud    |     1 |     5 |    36 |    87 |    20 |     1 ||   150
         Blink             |       |       |     9 |     7 |     2 |     6 ||    24
         Leda's Unmaking   |       |       |       |    88 |   285 |    32 ||   405
         Lee's Rapid Decon |       |       |       |       |   191 |    41 ||   232
         Fireball          |       |       |       |       |    85 |   262 ||   347
         Apportation       |       |       |       |       |       |     1 ||     1
         Lehudib's Crystal |       |       |       |       |       |     3 ||     3
  Evoke: Wand              |       |       |    16 |     4 |     7 |       ||    27
    Use: Potion            |       |       |     1 |       |       |       ||     1
         Scroll            |       |       |       |     7 |     7 |    10 ||    24
   Stab: Confused          |       |     4 |    13 |    28 |     1 |       ||    46
         Sleeping          |       |     1 |       |       |       |       ||     1
         Petrifying        |       |       |     1 |       |     1 |       ||     2
         Distracted        |       |       |     1 |       |       |       ||     1
         Petrified         |       |       |       |       |     2 |       ||     2
 Armour: Robe              |     9 |       |       |       |       |       ||     9
         Leather armour    |     2 |    28 |    54 |    16 |       |       ||   100
         Swamp dragon scal |       |       |       |    10 |    42 |    29 ||    81
  Dodge: Dodged            |    31 |    55 |    84 |   138 |   113 |    28 ||   449
  Block: Other             |       |       |    16 |       |       |       ||    16
         Buckler           |       |       |       |       |       |     1 ||     1

Table legend: (Time is in decaauts)
 A = Elapsed time spent in this place.
 B = Non-inter-level travel time spent in this place.
 C = Inter-level travel time spent in this place.
 D = Time resting spent in this place.
 E = Time spent auto-exploring this place.
 F = Levels seen in this place.
 G = Mean time per level.
                   A        B        C        D        E       F      G
               +--------+--------+--------+--------+--------+-----+--------+
         Total |  33392 |  30612 |   2780 |   1904 |  22901 |  31 | 1077.2 |
       Dungeon |  17176 |  15463 |   1713 |   1171 |  11228 |  15 | 1145.1 |
        Temple |    116 |    103 |     13 |      0 |      0 |   1 |  116.0 |
          Lair |   5808 |   5281 |    527 |    320 |   4200 |   5 | 1161.6 |
        Shoals |   5263 |   4956 |    307 |    138 |   4080 |   4 | 1315.8 |
  Orcish Mines |   2612 |   2395 |    217 |     90 |   1729 |   2 | 1306.0 |
   Elven Halls |      8 |      8 |      0 |      0 |      0 |   1 |    8.0 |
         Sewer |    919 |    919 |      0 |      0 |    797 |   1 |  919.0 |
       Volcano |    917 |    917 |      0 |     50 |    716 |   1 |  917.0 |
      Gauntlet |    569 |    569 |      0 |    135 |    149 |   1 |  569.0 |
               +--------+--------+--------+--------+--------+-----+--------+

Top non-repeatable levels by time:
   Orc:2: 1650 daAuts
     D:6: 1648 daAuts
     D:7: 1523 daAuts
Shoals:3: 1470 daAuts
     D:8: 1445 daAuts
Shoals:4: 1424 daAuts
    D:13: 1413 daAuts
  Lair:4: 1393 daAuts
  Lair:5: 1364 daAuts
     D:1: 1363 daAuts
  Lair:2: 1274 daAuts
Shoals:1: 1245 daAuts
    D:15: 1164 daAuts
    D:14: 1154 daAuts
     D:2: 1140 daAuts
